 Dungeon Crawl Stone Soup version 0.30-a0-924-g0ad0bf95bc (webtiles) character file.

Game seed: 2318103698491841214

82 12sPaWn12 the Trooper (level 4, 0/49 HPs)
             Began as an Ogre Berserker on Mar 23, 2023.
             Was a Believer of Trog.
             Succumbed to an adder's poison
             ... on level 4 of the Dungeon.
             The game lasted 00:03:04 (1527 turns).

12sPaWn12 the Trooper (Ogre Berserker)              Turns: 1527, Time: 00:03:05

Health: 0/49       AC:  3    Str: 23    XL:     4   Next: 43%
Magic:  4/4        EV: 10    Int:  8    God:    Trog [**....]
Gold:   53         SH:  0    Dex:  8    Spells: 3/3 levels left

rFire   . . .      SeeInvis +    a - +0 mace
rCold   . . .      Faith    .    (no shield)
rNeg    . . .      Spirit   .    b - +0 animal skin
rPois   .          Reflect  .    (helmet restricted)
rElec   .          Rampage  .    (no cloak)
rCorr   .                        (gloves unavailable)
Will    .....                    (boots unavailable)
Stlth   +                        (no amulet)
HPRegen 0.28/turn                i - ring of see invisible
MPRegen 0.09/turn                (no ring)

@: lethally poisoned (0 -> -9)
A: large, unfitting armour, tough skin 1
a: Renounce Religion, Berserk, Trog's Hand


You were on level 4 of the Dungeon.
You worshipped Trog.
Trog was pleased with you.
You visited 1 branch of the dungeon, and saw 4 of its levels.

You collected 53 gold pieces.

Inventory:

Hand Weapons
 a - a +0 mace (weapon)
Missiles
 k - a throwing net (quivered)
Armour
 b - a +0 animal skin (worn)
Jewellery
 i - a ring of see invisible (left hand)
Scrolls
 c - 6 scrolls of identify {unknown}
 d - a scroll of acquirement {unknown}
 h - a scroll of poison {unknown}
Potions
 e - 2 potions of lignification {unknown}
 f - a potion of attraction {unknown}
 g - a potion of invisibility {unknown}
 j - a potion of magic {unknown}


   Skills:
 * Level 4.8 Fighting
 * Level 3.5 Maces & Flails
 * Level 0.2 Throwing
 * Level 0.6 Armour
 * Level 3.3 Dodging


You had 3 spell levels left.
You didn't know any spells.
Your spell library was empty.

Dungeon Overview and Level Annotations

Branches:
Dungeon (4/15)
 Temple: D:4-7

Altars:

Annotations:
D:4 2 transporters, Ijyb; superbruh's ghost, amateur MiFi


Innate Abilities, Weirdness & Mutations

You are too large for most types of armour.
You have tough skin. (AC +1)


Message History

A hobgoblin comes into view.
You hit the phantom but do no damage. The phantom completely misses you.
You hit the phantom but do no damage.
The hobgoblin shouts!
The phantom closely misses you. The phantom hits you!
You barely miss the phantom. The adder bites you but does no damage.
The phantom hits you but does no damage.
You miss the phantom. The adder bites you.
You are poisoned.
The adder poisons you! The phantom barely misses you. The adder bites you.
You are more poisoned.
The adder poisons you!
You hit the phantom.
The phantom is lightly damaged.
You feel very sick. The phantom hits you. The adder bites you.
You hit the phantom.
The phantom is moderately damaged.
You feel sick. The adder bites you.
You are more poisoned.
The adder poisons you! The phantom misses you. The adder bites you.
You are more poisoned.
The adder poisons you! The hobgoblin hits you. The phantom barely misses you.
You barely miss the adder.
* * * LOW HITPOINT WARNING * * *
You feel very sick. The adder bites you but does no damage.
The phantom hits you but does no damage.
The hobgoblin hits you.
* * * LOW HITPOINT WARNING * * *
The adder barely misses you.
You miss the adder.
* * * LOW HITPOINT WARNING * * *
You feel very sick. The adder bites you.
* * * LOW HITPOINT WARNING * * *
The phantom barely misses you. The hobgoblin hits you.
* * * LOW HITPOINT WARNING * * *
You hit the adder but do no damage.
You die...

# .#[# ..<# .
#..## .. ###...#
#...
#.....#######...#
#.....#.......#
#.....#..W@g.#
#.....#..S...#
#.....#......#
#.....#......#
#.....#......#
#...<>'......+
#######......#
#......# ......#


You could see a phantom, an adder and a hobgoblin.

Vanquished Creatures
  A gnoll (D:1)
  2 adders
  An ufetubus (D:4)
  2 dart slugs
  3 endoplasms
  3 giant cockroaches
  3 goblins
  5 hobgoblins
  8 kobolds
  A quokka (D:4)
  4 ball pythons (D:1)
  3 bats (D:1)
  3 frilled lizards (D:1)
  6 rats
45 creatures vanquished.

Vanquished Creatures (others)
  A fungus (D:1)
1 creature vanquished.

Grand Total: 46 creatures vanquished

Notes
Turn   | Place    | Note
-------+----------+-------------------------------------------
     0 | D:1      | 12sPaWn12 the Ogre Berserker began the quest for the Orb.
     0 | D:1      | Reached XP level 1. HP: 24/24 MP: 1/1
   130 | D:1      | Reached XP level 2. HP: 32/32 MP: 2/2
   322 | D:1      | Reached XP level 3. HP: 22/40 MP: 3/3
   513 | D:1      | Found a faded altar of an unknown god.
   638 | D:1      | Reached ** piety under Trog
  1071 | D:2      | You fall into a shaft and drop 2 floors!
  1080 | D:4      | Reached XP level 4. HP: 49/49 MP: 4/4
  1106 | D:4      | Noticed superbruh's ghost (amateur MiFi)
  1111 | D:4      | Found a transporter.
  1138 | D:4      | Found a transporter.
  1377 | D:4      | Noticed Ijyb
  1377 | D:4      | Noticed a black bear
  1514 | D:4      | Noticed a phantom
  1526 | D:4      | HP: 2/49 [hobgoblin (2)]
  1527 | D:4      | Succumbed to an adder's poison

Illustrated notes

Levels and vault maps discovered:
D:1:      dpeg_arrival_simpleton_b, layout_basic,
          shapermc_ecumenical_altar_rom_forum, minmay_pentomino_q4
D:2:      layout_basic
D:3:      layout_basic, bloody_makhleb
D:4:      layout_basic, gammafunk_ghost_stat_death, mrwooster_statue_mirror,
          uniq_ijyb

Skill      XL: |  1  2 |
---------------+-------+-----
Maces & Flails | 3 |  3.5
Dodging        | 3 |  3.3
Fighting       | |  4.8
Throwing       | |  0.2
Armour         | |  0.6

Action                     |  1- 3 |  4- 6 || total
---------------------------+-------+-------++-------
  Melee: Mace              |   105 |    36 ||   141
  Throw: Throwing net      |       |     1 ||     1
 Armour: Animal skin       |    35 |    19 ||    54
  Dodge: Dodged            |    64 |    32 ||    96

Table legend: (Time is in decaauts)
 A = Elapsed time spent in this place.
 B = Non-inter-level travel time spent in this place.
 C = Inter-level travel time spent in this place.
 D = Time resting spent in this place.
 E = Time spent auto-exploring this place.
 F = Levels seen in this place.
 G = Mean time per level.
                   A        B        C        D        E       F      G
               +--------+--------+--------+--------+--------+-----+--------+
         Total |   1559 |   1535 |     24 |      0 |   1187 |   4 |  389.8 |
       Dungeon |   1559 |   1535 |     24 |      0 |   1187 |   4 |  389.8 |
               +--------+--------+--------+--------+--------+-----+--------+

Top non-repeatable levels by time:
     D:1: 936 daAuts
     D:4: 452 daAuts
     D:2: 158 daAuts
     D:3: 11 daAuts
